 Dungeon Crawl Stone Soup version 0.28-a0-1412-gf95308ed99 (webtiles) character file.

Game seed: 5804708548047782904

3704 HallandMoats the Skirmisher (level 10, -1/86 HPs)
             Began as a Ghoul Fighter on Jan 6, 2022.
             Was an Initiate of Qazlal.
             Slain by a sky beast (5 damage)
             ... on level 8 of the Dungeon.
             The game lasted 00:10:31 (8389 turns).

HallandMoats the Skirmisher (Ghoul Fighter)         Turns: 8389, Time: 00:10:32

Health: -1/86      AC: 10    Str: 21    XL:     10   Next: 14%
Magic:  13/13      EV: 11    Int:  3    God:    Qazlal [......]
Gold:   317        SH:  5    Dex: 12    Spells: 9/9 levels left

rFire   . . .      SeeInvis .   a - +1 hand axe (vorpal)
rCold   + . .      Faith    .   c - +0 buckler
rNeg    + + +      Spirit   .   d - +0 scale mail
rPois   ∞          Reflect  .   (no helmet)
rElec   .          Harm     .   p - +0 cloak
rCorr   .          Rampage  .   (no gloves)
Will    .....                   s - +0 pair of boots
Stlth   ..........              (no amulet)
HPRegen 0.00/turn               (no ring)
MPRegen 0.13/turn               (no ring)

@: inhibited regen, fire susceptible
A: claws 1, cold resistance 1, negative energy resistance 3, inhibited
regeneration, torment resistance 2
a: Renounce Religion


You were on level 8 of the Dungeon.
You worshipped Qazlal.
Qazlal was noncommittal.
You visited 2 branches of the dungeon, and saw 9 of its levels.

You collected 317 gold pieces.

Inventory:

Hand Weapons
 a - a +1 vorpal hand axe (weapon)
 b - a +2 vorpal hunting sling
Missiles
 n - 2 throwing nets (quivered)
 r - 37 stones
Armour
 c - a +0 buckler (worn)
 d - a +0 scale mail (worn)
 p - a +0 cloak (worn)
 s - a +0 pair of boots (worn)
Scrolls
 f - a scroll of immolation {unknown}
 g - a scroll of fear {unknown}
 i - 6 scrolls of identify {unknown}
 j - 4 scrolls of teleportation {unknown}
 k - 2 scrolls of magic mapping {unknown}
 l - 3 scrolls of fog {unknown}
 o - a scroll of enchant weapon {unknown}
Potions
 e - 2 potions of brilliance {unknown}
 h - 6 potions of curing {unknown}
 m - a potion of flight {unknown}
 q - a potion of magic {unknown}


   Skills:
 + Level 7.2 Fighting
 + Level 5.6 Axes
 + Level 5.9 Armour
 + Level 5.0 Dodging
 + Level 6.0 Shields
 + Level 6.1 Invocations


You had 9 spell levels left.
You didn't know any spells.
Your spell library contained the following spells:

 Spells                   Type           Power      Damage    Failure   Level
 Slow                     Hex            0%         N/A       89%         1
 Confusing Touch          Hex            0%         N/A       99%         3
 Vampiric Draining        Necr           0%         2d6       99%         3
 Fulminant Prism          Conj/Hex       0%         3d6       100%        4
 Iskenderun's Mystic Bla  Conj/Tloc      0%         2d3       100%        4
 Lee's Rapid Deconstruct  Erth           0%         3d5*      100%        5
 Summon Hydra             Summ           0%         N/A       100%        7
 Sublimation of Blood     Necr           Unusable   N/A       N/A         2
 Wereblood                Tmut           Unusable   N/A       N/A         2

Dungeon Overview and Level Annotations

Branches:
Dungeon (7/15)             Temple (1/1) D:6

Altars:
Ashenzari
Cheibriados
Dithmenos
Elyvilon
Fedhas
Gozag
Hepliaklqana
Kikubaaqudgha
Makhleb
Nemelex Xobeh
Okawaru
Qazlal
Ru
Sif Muna
Trog
Uskayaw
Vehumet
Wu Jian
Xom
Yredelemnul
Zin
The Shining One
Ignis


Innate Abilities, Weirdness & Mutations

You thrive by killing the living.
You are immune to poison.
You have sharp fingernails.
Your flesh is cold resistant. (rC+)
You are immune to negative energy. (rN+++)
You do not regenerate when monsters are visible.
You are immune to unholy pain and torment.


Message History

You closely miss the sky beast. The sky beast hits you.
The sky beast shocks you.
You slash the sky beast!
The sky beast is moderately wounded.
The sky beast hits you but does no damage.
You hit the sky beast.
The sky beast is heavily wounded.
The sky beast hits you but does no damage.
You miss the sky beast.
The sky beast is moderately wounded.
The sky beast closely misses you.
You barely miss the sky beast.
The sky beast is moderately wounded.
The sky beast barely misses you. The sky beast hits you.
The sky beast shocks you.
* * * LOW HITPOINT WARNING * * *
You hit the sky beast.
The sky beast is heavily wounded.
The sky beast hits you.
* * * LOW HITPOINT WARNING * * *
The sky beast shocks you.
* * * LOW HITPOINT WARNING * * *
You slash the sky beast!
The sky beast is severely wounded.
The sky beast hits you.
* * * LOW HITPOINT WARNING * * *
The sky beast shocks you.
* * * LOW HITPOINT WARNING * * *
You closely miss the sky beast.
The sky beast is severely wounded.
The sky beast hits you but does no damage.
You hit the sky beast.
The sky beast is almost dead.
You block the sky beast's attack.
You hit the sky beast but do no damage.
The sky beast is almost dead.
The sky beast hits you.
* * * LOW HITPOINT WARNING * * *
The sky beast shocks you.
You die...

##. ###(. .(.(..
#...### #[.≈$# ##
#.# ... #.# ....
#Y# # .....#### #@#
.####
.>......###.#......
...............#
.....####.#.....#
.... #..........#
#.# #.##.#.....# #
# .###...## .# ####
.#


You could see a sky beast.

Vanquished Creatures
  A two-headed ogre (D:5)
  The ghost of blank1 the Magician, a novice DjFE (D:5)
  Pikel (D:7)
  A steam dragon (D:8)
  Edmund (D:5)
  2 water moccasins
  An ice beast (D:6)
  2 necrophages (D:5)
  2 ogres
  4 bullfrogs
  3 scorpions
  2 wights (D:7)
  A howler monkey (D:5)
  A hound (D:6)
  A centaur skeleton (D:4)
  A centaur zombie (D:7)
  2 orc priests
  A gnoll shaman (D:6)
  5 jellies (D:6)
  Natasha (thrice) (D:4)
  3 iguanas
  A hound skeleton (D:5)
  A howler monkey zombie (D:6)
  4 gnolls (D:6)
  9 adders
  A shadow imp (D:7)
  A white imp (D:6)
  2 ufetubi (D:5)
  An adder skeleton (D:2)
  A worm (D:2)
  A dart slug (D:2)
  17 orcs
  5 ball pythons
  3 bats
  3 endoplasms
  4 giant cockroaches
  5 goblins
  11 hobgoblins
  3 jackals (D:1)
  2 kobolds
  4 quokkas
  2 rats (D:2)
120 creatures vanquished.

Vanquished Creatures (others)
  57 foxfires (D:5)
57 creatures vanquished.

Grand Total: 177 creatures vanquished

Notes
Turn   | Place    | Note
-------+----------+-------------------------------------------
     0 | D:1      | HallandMoats the Ghoul Fighter began the quest for the Orb.
     0 | D:1      | Reached XP level 1. HP: 19/19 MP: 0/0
   262 | D:1      | Reached XP level 2. HP: 26/26 MP: 1/1
   378 | D:1      | Found a faded altar of an unknown god.
   941 | D:1      | Prayed at the altar of an unknown god.
   941 | D:1      | Became a worshipper of Ignis, the Dying Flame
   969 | D:2      | Reached XP level 3. HP: 25/31 MP: 2/2
   976 | D:2      | Reached skill level 1 in Invocations
  1269 | D:2      | Reached skill level 1 in Dodging
  1352 | D:2      | Reached XP level 4. HP: 40/40 MP: 3/3
  2411 | D:4      | Reached skill level 4 in Fighting
  2411 | D:4      | Reached XP level 5. HP: 45/46 MP: 5/5
  2542 | D:4      | Noticed Natasha
  2548 | D:4      | Killed Natasha
  2658 | D:4      | Noticed Natasha
  2667 | D:4      | Killed Natasha
  2737 | D:4      | Noticed Natasha
  2745 | D:4      | Killed Natasha
  2890 | D:5      | Entered Level 5 of the Dungeon
  2891 | D:5      | Noticed a two-headed ogre
  2912 | D:5      | Noticed an ogre
  2912 | D:5      | Found a runed translucent door.
  2919 | D:5      | Killed an ogre
  2920 | D:5      | Reached XP level 6. HP: 21/53 MP: 6/6
  2923 | D:5      | Noticed blank1's ghost (novice DjFE)
  2994 | D:5      | Killed a two-headed ogre
  2995 | D:5      | Reached skill level 5 in Fighting
  2995 | D:5      | Reached XP level 7. HP: 21/61 MP: 6/8
  2995 | D:5      | Reached XP level 8. HP: 24/68 MP: 6/9
  3842 | D:5      | Killed blank1's ghost
  3927 | D:5      | Reached skill level 5 in Shields
  4017 | D:5      | Found a shimmering altar of Xom.
  4032 | D:5      | Reached skill level 6 in Fighting
  4032 | D:5      | Reached XP level 9. HP: 68/75 MP: 11/11
  4228 | D:5      | Found an ornate altar of the Wu Jian Council.
  4311 | D:5      | Reached skill level 5 in Armour
  5015 | D:6      | Noticed Edmund
  5039 | D:5      | Killed Edmund
  5040 | D:5      | Reached skill level 5 in Invocations
  5777 | D:6      | Reached skill level 5 in Axes
  6002 | D:6      | HP: 3/78 [acid (10)]
  6653 | D:6      | Found a snail-covered altar of Cheibriados.
  6653 | D:6      | Found a hazy altar of Hepliaklqana.
  6980 | D:6      | Found a staircase to the Ecumenical Temple.
  7131 | Temple   | Entered the Ecumenical Temple
  7345 | Temple   | Fell from the grace of Ignis
  7345 | Temple   | Became a worshipper of Qazlal Stormbringer
  7736 | D:7      | Found a blossoming altar of Fedhas.
  7854 | D:7      | Noticed Pikel
  7896 | D:7      | Killed Pikel
  7897 | D:7      | Reached skill level 7 in Fighting
  7897 | D:7      | Reached XP level 10. HP: 63/86 MP: 13/13
  8316 | D:7      | Reached skill level 5 in Dodging
  8341 | D:7      | You fall into a shaft and drop 1 floor!
  8389 | D:8      | HP: 4/86 [sky beast (2)]
  8389 | D:8      | Slain by a sky beast

Illustrated notes

Levels and vault maps discovered:
D:1:      amcnicky_arrival_single_pillar, layout_basic,
          ebering_ecumenical_altar_sacrificial, minmay_misc_feat_rows
D:2:      layout_basic
D:3:      layout_basic
D:4:      layout_loops_ring, uniq_natasha
D:5:      layout_gridville, xom_teletrap_fun, mainiacjoe_overflow_two_lobes,
          ebering_ghost_sewer_d
D:6:      layout_loops_ring, lemuel_doored_altar, nicolae_overflow_squiral,
          minmay_temple_entry_offerings, minmay_misc_feat_secret_circle,
          kennysheep_generic_room_10, uniq_edmund
D:7:      layout_loops_ring, fedhas_ov_isle_minmay, minmay_bent,
          uniq_crazy_yiuf_cottage, uniq_pikel
D:8:      layout_loops_ring
Temple:   regret_index_temple_generic_petals

Skill      XL: |  1  2  3  4  5  6  7  8  9 10 |
---------------+-------------------------------+-----
Axes           | 2 3 4 5 |  5.6
Invocations    | 1 2 3 4 5 6 |  6.1
Shields        | 3 4 5 6 |  6.0
Armour         | 3 4 5 |  5.9
Dodging        | 1 3 4 5 |  5.0
Fighting       | 4 5 6 7 |  7.2

Action                   |  1- 3 |  4- 6 |  7- 9 | 10-12 || total
-------------------------+-------+-------+-------+-------++-------
Melee: War axe           |    81 |    67 |       |       ||   148
       Hand axe          |       |     6 |   304 |    51 ||   361
 Fire: Hunting sling     |       |       |    28 |     9 ||    37
Invok: Foxfire Swarm     |       |     3 |     2 |       ||     5
       Rising Flame      |       |     1 |       |       ||     1
       Fiery Armour      |       |     1 |       |       ||     1
  Use: Potion            |       |       |     3 |       ||     3
Armor: Scale mail        |    43 |    37 |   103 |    21 ||   204
Dodge: Dodged            |    22 |    44 |   134 |    31 ||   231
Block: Buckler           |    19 |    19 |    70 |    18 ||   126

Table legend: (Time is in decaauts)
 A = Elapsed time spent in this place.
 B = Non-inter-level travel time spent in this place.
 C = Inter-level travel time spent in this place.
 D = Time resting spent in this place.
 E = Time spent auto-exploring this place.
 F = Levels seen in this place.
 G = Mean time per level.
                   A        B        C        D        E       F      G
               +--------+--------+--------+--------+--------+-----+--------+
         Total |   8500 |   8134 |    366 |   1783 |   5049 |   9 |  944.4 |
       Dungeon |   8255 |   7946 |    309 |   1783 |   4872 |   8 | 1031.9 |
        Temple |    245 |    188 |     57 |      0 |    177 |   1 |  245.0 |
               +--------+--------+--------+--------+--------+-----+--------+

Top non-repeatable levels by time:
     D:5: 2732 daAuts
     D:6: 1935 daAuts
     D:4: 1002 daAuts
     D:1: 958 daAuts
     D:2: 684 daAuts
     D:7: 552 daAuts
     D:3: 340 daAuts
  Temple: 245 daAuts
     D:8: 48 daAuts
